 Dungeon Crawl Stone Soup version 0.30-a0-1114-gd936c97349 (webtiles) character file.

Game seed: 17750770202943785897

37 sampeng1 the Chopper (level 3, 0/31 HPs)
             Began as a Gnoll Reaver on Apr 20, 2023.
             Slain by an adder (3 damage)
             ... on level 2 of the Dungeon.
             The game lasted 00:06:07 (1182 turns).

sampeng1 the Chopper (Gnoll Reaver)                 Turns: 1182, Time: 00:06:08

Health: 0/31       AC:  4    Str: 13    XL:     3   Next: 39%
Magic:  9/9        EV: 10    Int: 12    God:
Gold:   97         SH:  6    Dex:  8    Spells: 11/12 levels left

rFire   + + +      SeeInvis .    a - +0 hand axe
rCold   . . .      Faith    .    j - +0 kite shield of Bitterness {rF+++ Will- rCorr Dex-2}
rNeg    . . .      Spirit   .    b - +0 leather armour
rPois   .          Reflect  .    (no helmet)
rElec   .          Rampage  .    (no cloak)
rCorr   +                        (no gloves)
Will    .....                    e - +0 pair of boots
Stlth   +                        (no amulet)
HPRegen 0.25/turn                (no ring)
MPRegen 0.11/turn                (no ring)

@: lethally poisoned (0 -> -6)
A: fangs 1, strong nose, distributed training
a: no special abilities


You were on level 2 of the Dungeon.
You visited 1 branch of the dungeon, and saw 2 of its levels.

You collected 97 gold pieces.

Inventory:

Hand Weapons
 a - a +0 hand axe (weapon)
 d - a +2 short sword of speed
Armour
 b - a +0 leather armour (worn)
 e - a +0 pair of boots (worn)
 j - the +0 kite shield of Bitterness (worn) {rF+++ Will- rCorr Dex-2}
   (You found it on level 2 of the Dungeon)

   Dex:       It affects your dexterity (-2).
   rF:        It renders you almost immune to fire.
   rCorr:     It protects you from acid and corrosion.
   Will:      It decreases your willpower.
Scrolls
 i - a scroll of identify {unknown}
 k - a scroll of vulnerability {unknown}
 l - 2 scrolls of teleportation {unknown}
 o - a scroll of amnesia {unknown}
 p - a scroll of fog {unknown}
Potions
 c - a potion of haste {unknown}
 f - a potion of mutation {unknown}
 g - a potion of ambrosia {unknown}
 h - 2 potions of magic {unknown}
 m - a potion of lignification {unknown}
 n - a potion of resistance {unknown}


   Skills:
 + Level 4.5 Fighting
 + Level 0.8 Short Blades
 + Level 0.8 Long Blades
 + Level 6.5 Axes
 + Level 0.8 Maces & Flails
 + Level 0.8 Polearms
 + Level 0.8 Staves
 + Level 0.8 Ranged Weapons
 + Level 0.8 Throwing
 + Level 0.8 Armour
 + Level 4.5 Dodging
 + Level 0.8 Stealth
 + Level 0.8 Shields
 + Level 0.8 Unarmed Combat
 + Level 5.0 Spellcasting
 + Level 5.4 Conjurations
 + Level 0.5 Hexes
 + Level 0.5 Summonings
 + Level 0.5 Necromancy
 + Level 0.5 Translocations
 + Level 0.5 Transmutations
 + Level 0.5 Fire Magic
 + Level 0.5 Ice Magic
 + Level 0.5 Air Magic
 + Level 0.5 Earth Magic
 + Level 0.5 Poison Magic
 + Level 1.0 Invocations
 + Level 0.8 Evocations


You had 11 spell levels left.
You knew the following spells:

 Your Spells              Type           Power      Damage    Failure   Level
a - Kiss of Death         Conj/Necr      40%        2d8       26%         1

Your spell library contained the following spells:

 Spells                   Type           Power      Damage    Failure   Level
 Momentum Strike          Conj/Tloc      20%        3d8       36%         2
 Dazzling Flash           Conj/Hex       20%        N/A       61%         3
 Hailstorm                Conj/Ice       10%        3d5       61%         3
 Agony                    Necr           4%         N/A       100%        5
 Silence                  Hex/Air        2%         N/A       100%        5


Dungeon Overview and Level Annotations

Branches:
Dungeon (2/15)

Altars:


Innate Abilities, Weirdness & Mutations

You have very sharp teeth.
Your uncanny sense of smell can sniff out nearby items.
Your experience applies equally to all skills.


Message History

You add the spells Dazzling Flash, Agony and Silence to your library.
You see here a ball python corpse.
o - a scroll labelled KUZXIUCOALE
p - a scroll labelled ONETAR ELETSEFF An adder comes into view.
You see here 8 gold pieces.
The adder hisses angrily.
You barely miss the adder. You block the adder's attack.
You miss the adder. You block the adder's attack. The adder bites you.
You hit the adder but do no damage. The adder bites you.
You are poisoned.
The adder poisons you!
You closely miss the adder.
You feel sick. The adder bites you but does no damage. The adder misses you.
You barely miss the adder.
You feel sick. The adder bites you.
You closely miss the adder. Your bite misses the adder.
You feel sick. The adder bites you but does no damage.
The adder closely misses you.
You barely miss the adder.
You feel sick. The adder bites you but does no damage.
You closely miss the adder. Your bite misses the adder.
You feel sick. The adder bites you.
You are more poisoned.
The adder poisons you! The adder bites you.
You barely miss the adder.
You feel sick. The adder bites you.
You hit the adder.
The adder is lightly wounded.
You feel sick. The adder bites you.
* * * LOW HITPOINT WARNING * * *
You are lethally poisoned!
The adder poisons you! The adder completely misses you.
You closely miss the adder.
The adder is lightly wounded.
* * * LOW HITPOINT WARNING * * *
You feel very sick. You block the adder's attack. The adder closely misses you.
You hit the adder.
The adder is heavily wounded.
* * * LOW HITPOINT WARNING * * *
You feel sick. The adder bites you.
You die...

∆ ∆ ###########.#
####...........# #.
#..............### ..
#..............#... #.
..#................≈≈≈#.
......S@..........≈≈≈≈#.
.................≈≈≈≈ #.
#..^......$......≈≈≈≈ #.
#...............≈≈#####.
#...............≈≈#.....
#.#####.........≈###.###
# ∆##........≈#...#≈≈
##.......≈##..#≈≈
##.......#.#.#≈≈


You could see an adder.

Vanquished Creatures
  A gnoll (D:1)
  A dart slug (D:1)
  2 bats
  3 endoplasms (D:1)
  A giant cockroach (D:2)
  3 goblins
  3 hobgoblins
  A kobold (D:1)
  2 quokkas (D:1)
  2 ball pythons
  A frilled lizard (D:2)
  2 rats (D:1)
22 creatures vanquished.

Vanquished Creatures (others)
  A plant (D:1)
1 creature vanquished.

Grand Total: 23 creatures vanquished

Notes
Turn   | Place    | Note
-------+----------+-------------------------------------------
     0 | D:1      | sampeng1 the Gnoll Reaver began the quest for the Orb.
     0 | D:1      | Reached XP level 1. HP: 20/20 MP: 6/6
   134 | D:1      | Reached XP level 2. HP: 25/26 MP: 7/7
   396 | D:1      | Reached skill level 5 in Spellcasting
   396 | D:1      | Reached XP level 3. HP: 8/31 MP: 7/9
   971 | D:2      | Identified the +0 kite shield of Bitterness {rF+++ Will-
                  | rCorr Dex-2}
  1078 | D:2      | Reached skill level 1 in Invocations
  1182 | D:2      | Slain by an adder

Illustrated notes

Levels and vault maps discovered:
D:1:      minmay_arrival_plants_in_alcoves, layout_loops_ring,
          ebering_dispersal_statue_hall
D:2:      layout_basic, grunt_decor_junction, st_stairs_9, nrook_uturn

Skill      XL: |  1  2  3 |
---------------+----------+-----
Spellcasting   | 5 |  5.0
Invocations    | 1 |  1.0
Fighting       | |  4.5
Short Blades   | |  0.8
Long Blades    | |  0.8
Axes           | |  6.5
Maces & Flails | |  0.8
Polearms       | |  0.8
Staves         | |  0.8
Ranged Weapons | |  0.8
Throwing       | |  0.8
Armour         | |  0.8
Dodging        | |  4.5
Stealth        | |  0.8
Shields        | |  0.8
Unarmed Combat | |  0.8
Conjurations   | |  5.4
Hexes          | |  0.5
Summonings     | |  0.5
Necromancy     | |  0.5
Translocations | |  0.5
Transmutations | |  0.5
Fire Magic     | |  0.5
Ice Magic      | |  0.5
Air Magic      | |  0.5
Earth Magic    | |  0.5
Poison Magic   | |  0.5
Evocations     | |  0.8

Action                     || total
---------------------------++-------
  Melee: Hand axe          ||    57
         Short sword       ||    22
         Bite              ||     5
   Stab: Sleeping          ||     1
 Armour: Leather armour    ||    16
  Dodge: Dodged            ||    32
  Block: Kite shield       ||     8

Table legend: (Time is in decaauts)
 A = Elapsed time spent in this place.
 B = Non-inter-level travel time spent in this place.
 C = Inter-level travel time spent in this place.
 D = Time resting spent in this place.
 E = Time spent auto-exploring this place.
 F = Levels seen in this place.
 G = Mean time per level.
                   A        B        C        D        E       F      G
               +--------+--------+--------+--------+--------+-----+--------+
         Total |   1176 |   1176 |      0 |    100 |    663 |   2 |  588.0 |
       Dungeon |   1176 |   1176 |      0 |    100 |    663 |   2 |  588.0 |
               +--------+--------+--------+--------+--------+-----+--------+

Top non-repeatable levels by time:
     D:1: 954 daAuts
     D:2: 222 daAuts
